 Dungeon Crawl Stone Soup version 0.30.1-3-gfc49f6343a (webtiles) character file.

Game seed: 9964110284222597926

191 arthad the Magician (level 6, -11/45 HPs)
             Began as a Djinni Fire Elementalist on July 29, 2023.
             Mangled by Edmund
             ... wielding a +2 dire flail of protection
              (13 damage)
             ... on level 4 of the Dungeon.
             The game lasted 00:09:08 (2828 turns).

arthad the Magician (Djinni Fire Elementalist)      Turns: 2828, Time: 00:09:09

Health: -11/45     AC:  2    Str:  7    XL:     6   Next: 2%
Gold:   198        EV: 13    Int: 19    God:
                   SH:  0    Dex: 13

rFire   + + .        (no weapon)
rCold   x . .        (no shield)
rNeg    . . .        a - +0 robe
rPois   ∞            (no helmet)
rElec   .            (no cloak)
rCorr   .            (no gloves)
SInv    .            (boots unavailable)
Will    .....        (no amulet)
Stlth   ++           (no ring)
HPRegen 0.27/turn    (no ring)
MPRegen 0.00/turn

%: infuse magic (-12 HP)
@: about to teleport, flying, very slightly contaminated, studying Spellcasting
A: sickness immunity, fire resistance 2, cold vulnerability 1, float, innate
caster, HP casting, extra vitality 1
a: no special abilities


You were on level 4 of the Dungeon.
You visited 1 branch of the dungeon, and saw 4 of its levels.

You collected 198 gold pieces.

Inventory:

Armour
 a - a +0 robe (worn)
Jewellery
 c - an amulet of faith
Wands
 k - a wand of polymorph (12)
Scrolls
 b - 5 scrolls of vulnerability {unknown}
 e - a scroll of teleportation
 g - 5 scrolls of identify {unknown}
 h - a scroll of enchant armour {unknown}
 i - a scroll of fog {unknown}
Potions
 j - 2 potions of ambrosia {unknown}
 l - 2 potions of heal wounds {unknown}
 m - a potion of magic {unknown}
 n - a potion of brilliance {unknown}


   Skills:
 * Level 2.6 Fighting
 + Level 3.2 Dodging
 + Level 2.6 Stealth
 * Level 3.6 Spellcasting


You knew the following spells:

 Your Spells              Type           Power      Damage    Failure   Level
a - Foxfire               Conj/Fire      68%        2x1d7     3%          1
b - Scorch                Fire           34%        2d6       4%          2
c - Volatile Blastmotes   Fire/Tloc      34%        2d12      10%         3
d - Inner Flame           Hex/Fire       17%        N/A       10%         3
e - Flame Wave            Conj/Fire      17%        2d7       32%         4
f - Sting                 Tmut/Pois      68%        1d6       3%          1
g - Searing Ray           Conj           34%        2d5       4%          2
Your spell library was empty.

Dungeon Overview and Level Annotations

Branches:
Dungeon (4/15)
 Temple: D:4-7

Altars:
Fedhas

Shops:
D:4 :

Annotations:
D:4 Edmund


Innate Abilities, Weirdness & Mutations

You are immune to sickness and miasma.
You are immune to poison.
Your flesh is very heat resistant. (rF++)
You are vulnerable to cold. (rC-)
You float through the air rather than walking.
You learn spells naturally, not from books.
Your magical power is your life essence.
You have superior vitality. (+4 MHP)


Message History

Confirm with . or Enter, or press ? or * to list all spells.
You miscast Volatile Blastmotes.
You are very lightly contaminated with residual magic.
Nothing appears to happen.
Casting: Volatile Blastmotes (dangerous; 10% risk of failure)
Confirm with . or Enter, or press ? or * to list all spells.
A cloud of volatile blastmotes flares up around you!
Edmund hits you with a +2 dire flail of protection!
* * * LOW HITPOINT WARNING * * *
Edmund attacks as you move away!
Edmund hits you with a +2 dire flail of protection!
* * * LOW HITPOINT WARNING * * *
The cloud of blastmotes explodes!
The concussive blast engulfs Edmund but does no damage.
Edmund is severely wounded.
The concussive blast engulfs you. You resist.
* * * LOW HITPOINT WARNING * * *
You are knocked back by the blast.
An endoplasm comes into view.
You feel better.
Okay, then.
Sorry, you're not good enough to have a special ability.
Unknown command.
Casting: Volatile Blastmotes (dangerous; 10% risk of failure)
Confirm with . or Enter, or press ? or * to list all spells.
Flames lash Edmund but do no damage.
* * * LOW HITPOINT WARNING * * *
Edmund says, "Everyone always remembers my brother. 'Who's Edmund?' they ask!"
Edmund hits you with a +2 dire flail of protection.
* * * LOW HITPOINT WARNING * * *
Unknown command.
As you read the scroll labelled VEIGUW LOAGRAW, it crumbles to dust.
It is a scroll of enchant weapon.
You aren't carrying any weapons that can be enchanted.
Edmund closely misses you.
Unknown command.
As you read the scroll labelled LERCHI YGUITZAA, it crumbles to dust.
You feel strangely unstable.
It was a scroll of teleportation.
Edmund hits you with a +2 dire flail of protection!
You die...

#.#######
.....J..# #
#@# .# #@#
.## #.#...
#######.#.#
#.........#
#.#####.###
#.#
#.########
### #.#
#?...!...#
... #.#
########.#


You could see Edmund and an endoplasm.

Vanquished Creatures
  Terence (D:2)
  A sleepcap (D:4)
  4 gnolls (D:4)
  An adder (D:3)
  2 worms
  3 dart slugs
  3 orcs
  6 endoplasms
  2 giant cockroaches
  10 goblins
  7 hobgoblins
  4 jackals (D:1)
  7 kobolds
  A quokka (D:1)
  8 ball pythons
  4 bats
  3 frilled lizards
  6 rats
73 creatures vanquished.

Vanquished Creatures (others)
  244 foxfires
244 creatures vanquished.

Grand Total: 317 creatures vanquished

Notes
Turn   | Place    | Note
-------+----------+-------------------------------------------
     0 | D:1      | arthad the Djinni Fire Elementalist began the quest for the
                  | Orb.
     0 | D:1      | arthad set off with the following spells memorised:
                  | Foxfire, Scorch, Volatile Blastmotes, Inner Flame, Flame
                  | Wave.
     0 | D:1      | Reached XP level 1. HP: 15/15 MP: 0/0
   180 | D:1      | Reached XP level 2. HP: 17/21 MP: 0/0
   497 | D:1      | Reached XP level 3. HP: 24/26 MP: 0/0
   497 | D:1      | Learned a level 1 spell: Sting
   645 | D:1      | Reached skill level 1 in Fighting
  1012 | D:2      | Noticed Terence
  1024 | D:2      | Killed Terence
  1025 | D:2      | Reached XP level 4. HP: 11/32 MP: 0/0
  1428 | D:2      | Found a faded altar of an unknown god.
  1852 | D:3      | Found a blossoming altar of Fedhas.
  2016 | D:3      | Reached XP level 5. HP: 36/38 MP: 0/0
  2016 | D:3      | Learned a level 2 spell: Searing Ray
  2444 | D:4      | Got Causecvu's Dissertation on Blinking Terra Firma
  2642 | D:4      | Reached XP level 6. HP: 27/45 MP: 0/0
  2751 | D:4      | Found Riup's Tremendous Tomes.
  2811 | D:4      | Noticed Edmund
  2824 | D:4      | HP: 1/45 [shot self (4)]
  2828 | D:4      | Mangled by Edmund

Illustrated notes

Levels and vault maps discovered:
D:1:      dpeg_arrival_orchard, layout_basic, serial_rivers,
          chequers_serial_rivers_large_b, chequers_serial_rivers_marsh,
          chequers_serial_rivers_marsh, chequers_serial_rivers_small_b,
          chequers_serial_rivers_micro_b, chequers_serial_rivers_micro_e
D:2:      layout_loops_ring, ebering_ecumenical_altar_rust, uniq_terence
D:3:      layout_rooms, mainiacjoe_overflow_boulevard
D:4:      layout_loops_ring, nicolae_shop_i_like_big_books, uniq_menkaure,
          uniq_natasha, uniq_edmund

Skill      XL: |  1  2  3  4  5 |
---------------+----------------+-----
Stealth        | 2 |  2.6
Fighting       | 1 2 |  2.6
Spellcasting   | 3 |  3.6
Dodging        | 3 |  3.2

Action                     |  1- 3 |  4- 6 || total
---------------------------+-------+-------++-------
  Melee: Unarmed           |     4 |     6 ||    10
         Punch             |       |     1 ||     1
   Cast: Foxfire           |    61 |    93 ||   154
         Scorch            |     3 |     8 ||    11
         Volatile Blastmot |       |     8 ||     8
         Sting             |       |     3 ||     3
         Inner Flame       |       |     1 ||     1
    Use: Potion            |       |     2 ||     2
         Scroll            |       |     2 ||     2
 Armour: Robe              |     1 |     3 ||     4
  Dodge: Dodged            |     5 |    16 ||    21
